 Dungeon Crawl Stone Soup version 0.30-a0-223-gcb0039aa0c (webtiles) character file.

Game seed: 8223727362092855543

294 qw the Shield-Bearer (level 6, 0/37 HPs)
             Began as a Gargoyle Fighter on Oct 9, 2022.
             Slain by Edmund
             ... wielding a +2 dire flail of venom
              (5 damage)
             ... on level 4 of the Dungeon.
             The game lasted 00:01:12 (3319 turns).

qw the Shield-Bearer (Gargoyle Fighter)             Turns: 3319, Time: 00:01:13

Health: 0/37       AC: 13    Str: 28    XL:     6   Next: 33%
Magic:  6/6        EV:  8    Int:  8    God:
Gold:   260        SH: 13    Dex:  9    Spells: 5/5 levels left

rFire   . . .      SeeInvis .    Y - +0 war axe
rCold   . . .      Faith    .    l - +0 kite shield
rNeg    + . .      Spirit   .    b - +0 scale mail
rPois   inf        Reflect  +    (no helmet)
rElec   +          Harm     .    (no cloak)
rCorr   .          Rampage  .    i - +0 pair of gloves
Will    +....                    f - +0 pair of boots
Stlth   ..........               q - amulet of reflection
HPRegen 0.26/turn                j - +6 ring of strength
MPRegen 0.10/turn                r - ring of willpower

@: about to teleport
A: sickness immunity, AC +4, negative energy resistance 1, electricity
resistance, torment resistance 1, petrification resistance
a: no special abilities


You were on level 4 of the Dungeon.
You visited 1 branch of the dungeon, and saw 4 of its levels.

You collected 260 gold pieces.


Innate Abilities, Weirdness & Mutations

You are immune to sickness and miasma.
Your stone body is resilient. (AC +4)
You are immune to poison.
You resist negative energy. (rN+)
You are resistant to electric shocks. (rElec)
You are resistant to unholy torment.
You are immune to petrification.


   Skills:
 - Level 3.2 Fighting
 + Level 4.7 Axes
 - Level 1.1 Throwing
 - Level 3.2 Armour
 - Level 5.0 Shields


You had 5 spell levels left.
You didn't know any spells.
Your spell library was empty.

Inventory:

Hand Weapons
 p - a +0 hand axe of flaming
 Y - a +0 war axe (weapon)
Missiles
 s - 2 javelins (quivered)
Armour
 b - a +0 scale mail (worn)
 f - a +0 pair of boots (worn)
 i - a +0 pair of gloves (worn)
 l - a +0 kite shield (worn)
Jewellery
 j - a +6 ring of strength (left hand)
 q - an amulet of reflection (around neck)
 r - a ring of willpower (right hand)
Scrolls
 k - a scroll of identify
Potions
 d - 2 potions of might
 e - 2 potions of lignification
 h - 2 potions of cancellation
 m - a potion of haste {unknown}
 o - a potion of curing {unknown}

Dungeon Overview and Level Annotations

Branches:
Dungeon (4/15)
 Temple: D:4-7

Altars:
Dithmenos

Annotations:
D:4 Edmund


Message History

You barely miss Edmund. Edmund barely misses you.
You completely miss Edmund.
Edmund hits you with a +2 dire flail of venom!
You block Edmund's attack.
You slash Edmund!
Edmund is moderately wounded.
You block Edmund's attack.
You slash Edmund!
Edmund is heavily wounded.
Edmund closely misses you.
Edmund hits you with a +2 dire flail of venom.
You hit Edmund.
Edmund is heavily wounded.
Edmund barely misses you.
You hit Edmund.
Edmund is severely wounded.
Edmund hits you but does no damage.
You hit Edmund but do no damage.
Edmund is severely wounded.
You block Edmund's attack. Edmund barely misses you.
You hit Edmund but do no damage.
Edmund is severely wounded.
Edmund completely misses you.
You hit Edmund.
Edmund is severely wounded.
Edmund hits you with a +2 dire flail of venom! x2
3317 ||| READING scroll of teleportation.
As you read the scroll of teleportation, it crumbles to dust.
You feel strangely unstable. You block Edmund's attack.
You barely miss Edmund.
Edmund is severely wounded.
Edmund says, "What use are spells, anyway?"
Edmund hits you but does no damage.
You hit Edmund but do no damage.
Edmund is severely wounded.
You block Edmund's attack.
Edmund hits you with a +2 dire flail of venom.
You die...

...#.....#.####.##
.#......###....#
.......## ##..#.#
#.###.#.###.#.##.##
#........#.##.....#
#.###.#.#.## ####..
#. #.#.#<##...###.
#.###.#...........<
#.@.%.....#........
#$.@###.###.#.....###
#.... #.# #.##...#
....#.. #.# #.###.#
### ... ... .(# #.#
#.#. #.. . #.#. ##..
#... ..


You could see Edmund.

Vanquished Creatures
  An ogre (D:4)
  A hound (D:3)
  An orc priest (D:3)
  An orc wizard (D:3)
  An iguana (D:4)
  2 adders (D:3)
  A worm (D:3)
  A dart slug (D:4)
  2 orcs (D:3)
  7 bats
  5 endoplasms
  5 giant cockroaches
  7 hobgoblins
  10 jackals
  5 quokkas
  4 ball pythons
  3 frilled lizards
  5 goblins
  A kobold (D:3)
  7 rats
70 creatures vanquished.

Notes
Turn   | Place    | Note
-------+----------+-------------------------------------------
     0 | D:1      | qw the Gargoyle Fighter began the quest for the Orb.
     0 | D:1      | Reached XP level 1. HP: 14/14 MP: 1/1
     0 | D:1      | 0 ||| qw: Version: 0.2-a-17-g06abaee
     0 | D:1      | 0 ||| qw: Game counter: 2058
     0 | D:1      | 0 ||| qw: Always use a shield: true
     0 | D:1      | 0 ||| qw: God list: Okawaru
     0 | D:1      | 0 ||| qw: Allow faded altars: false
     0 | D:1      | 0 ||| qw: Do Orc after D:15 true
     0 | D:1      | 0 ||| qw: Do second Lair branch before Depths: true
     0 | D:1      | 0 ||| qw: Lair rune preference: random
     0 | D:1      | 0 ||| qw: Plans: Normal, Zot:1-4, God:TSO, Crypt, Tomb,
                  | Pan, Slime:5, Hells, Abyss, Orb
     0 | D:1      | 0 ||| PLANNING D:1-11
   198 | D:1      | Reached XP level 2. HP: 19/19 MP: 2/2
   508 | D:1      | Reached skill level 3 in Axes
   666 | D:1      | Found a faded altar of an unknown god.
   675 | D:1      | Reached XP level 3. HP: 23/23 MP: 3/3
   677 | D:1      | 677 ||| Stepping ~*~*~tactically~*~*~ (stealth).
  1173 | D:1      | 1173 ||| READING 3 scrolls labelled DEYNUN EJEAHUO.
  1201 | D:2      | 1201 ||| STAIRDANCE
  1812 | D:2      | 1812 ||| UPGRADING to +0 pair of boots.
  1817 | D:2      | 1817 ||| UPGRADING to +0 pair of gloves.
  1822 | D:2      | 1822 ||| UPGRADING to +0 kite shield.
  1832 | D:2      | 1832 ||| DROPPING +0 buckler.
  1833 | D:2      | 1833 ||| UPGRADING to +6 ring of strength.
  1834 | D:2      | 1834 ||| READING 2 scrolls labelled OLURUV GUIHE.
  1835 | D:2      | 1835 ||| READING scroll labelled KUXTOE ZAACVEA.
  1836 | D:2      | 1836 ||| READING scroll labelled MOFFIOG MIVO.
  1837 | D:2      | 1837 ||| DRINKING 2 metallic silvery potions.
  1938 | D:3      | 1938 ||| Stepping ~*~*~tactically~*~*~ (stealth).
  1987 | D:3      | Found a shadowy altar of Dithmenos.
  1991 | D:3      | 1991 ||| DROPPING +0 club.
  2066 | D:3      | Reached XP level 4. HP: 27/28 MP: 4/4
  2129 | D:3      | Reached skill level 4 in Shields
  2223 | D:3      | HP: 6/28 [something/puff of flame (6)]
  2224 | D:3      | 2224 ||| READING 2 scrolls of teleportation.
  2230 | D:3      | 2230 ||| FLEEEEING.
  2231 | D:3      | 2231 ||| FLEEEEING.
  2245 | D:3      | 2245 ||| FLEEEEING.
  2421 | D:3      | 2421 ||| Stepping ~*~*~tactically~*~*~ (hiding).
  2423 | D:3      | 2423 ||| Stepping ~*~*~tactically~*~*~ (hiding).
  2429 | D:3      | Reached XP level 5. HP: 32/32 MP: 5/5
  2548 | D:3      | 2548 ||| Stepping ~*~*~tactically~*~*~ (stealth).
  2565 | D:3      | Reached skill level 5 in Shields
  3007 | D:3      | 3007 ||| UPGRADING to amulet of reflection.
  3012 | D:3      | 3012 ||| DROPPING +6 ring of intelligence.
  3013 | D:3      | 3013 ||| UPGRADING to ring of willpower.
  3014 | D:3      | 3014 ||| READING scroll labelled ELOJ XOHYIBIDEL.
  3015 | D:3      | 3015 ||| READING scroll labelled UNIECWIGUBB.
  3016 | D:3      | 3016 ||| READING scroll labelled QOXOOQY VUOTY.
  3017 | D:3      | 3017 ||| READING 2 scrolls of identify.
  3017 | D:3      | 3017 ||| IDENTIFYING viscous blue potion
  3050 | D:4      | Reached skill level 1 in Throwing
  3075 | D:4      | Noticed an ogre
  3083 | D:4      | Killed an ogre
  3084 | D:4      | Reached XP level 6. HP: 22/37 MP: 6/6
  3164 | D:4      | 3164 ||| Stepping ~*~*~tactically~*~*~ (hiding).
  3167 | D:4      | 3167 ||| Stepping ~*~*~tactically~*~*~ (hiding).
  3304 | D:4      | Noticed Edmund
  3316 | D:4      | HP: 4/37 [Edmund/+2 dire flail of venom (14)]
  3317 | D:4      | 3317 ||| READING scroll of teleportation.
  3319 | D:4      | Slain by Edmund

Levels and vault maps discovered:
D:1:      matt_arrival_spirals, layout_basic,
          dreamdust_ecumenical_altar_angels_and_demons
D:2:      layout_loops_ring, serial_bayou_pond_a, minmay_box_of_dots
D:3:      layout_loops_ring, mainiacjoe_overflow_chevrons,
          wander_ebering_terrifying_dragon_lair
D:4:      layout_loops_ring, uniq_edmund

Skill      XL: |  1  2  3  4  5 |
---------------+----------------+-----
Axes           | 2 3 4 |  4.7
Shields        | 4 5 |  5.0
Throwing       | 1 |  1.1
Fighting       | |  3.2
Armour         | |  3.2

Action                   |  1- 3 |  4- 6 || total
-------------------------+-------+-------++-------
Melee: War axe           |   162 |    89 ||   251
Throw: Javelin           |       |     7 ||     7
  Use: Scroll            |     4 |     6 ||    10
       Potion            |     1 |       ||     1
Armor: Scale mail        |    84 |    33 ||   117
Dodge: Dodged            |    92 |    28 ||   120
Block: Buckler           |    15 |       ||    15
       Kite shield       |    14 |    36 ||    50

Table legend:
 A = Non-vault XP
 B = Vault XP
 C = Vault XP percentage of total XP
 D = Non-vault monster count
 E = Vault monster count
 F = Vault count percentage of total count
                 A         B        C        D         E       F
            +---------+---------+-------+---------+---------+-------
      Total |     416 |       4 |   1.0 |      67 |       3 |   4.3
            +---------+---------+-------+---------+---------+-------
        D:1 |      49 |       0 |   0.0 |      28 |       0 |   0.0
        D:2 |      15 |       3 |  16.7 |       9 |       2 |  18.2
        D:3 |     187 |       1 |   0.5 |      24 |       1 |   4.0
        D:4 |     165 |       0 |   0.0 |       6 |       0 |   0.0
            +---------+---------+-------+---------+---------+-------
